 Dungeon Crawl Stone Soup version 0.31-a0-940-gdaa99269f9 (webtiles) character file.

Game seed: 1088882569826607436

44333 Ahpoh the Carver (level 14, -13/113 HPs)
             Began as a Barachi Fighter on Oct 20, 2023.
             Was a High Priest of Cheibriados.
             Killed from afar by an ice dragon (44 damage)
             ... with a blast of cold
             ... on level 15 of the Dungeon.
             The game lasted 01:15:02 (15778 turns).

Ahpoh the Carver (Barachi Fighter)                 Turns: 15778, Time: 01:15:06

Health: -13/113    AC: 28    Str: 31    XL:     14   Next: 28%
Magic:  13/17      EV: 16    Int: 17    God:    Cheibriados [*****.]
Gold:   1708       SH: 16    Dex: 32    Spells: 13/13 levels left

rFire   . . .        u - +5 demon blade (heavy)
rCold   . . .        I - +0 kite shield
rNeg    . . .        M - +0 plate armour
rPois   .            r - +0 helmet
rElec   .            C - +2 cloak
rCorr   +            j - +0 pair of gloves
SInv    .            l - +0 pair of boots
Will    +....        k - amulet of the acrobat Stlth
                     f - ring of resist corrosion
HPRegen 1.18/turn    v - +4 ring of protection
MPRegen 0.15/turn

%: acrobat
@: very slow
A: amphibious, slowness 1, strong legs 2, +LOS, thin skeletal structure 1, dopey
2, low MP 1, regeneration 1
a: Hop, Renounce Religion, Bend Time, Temporal Distortion, Slouch, Step From
Time


You were on level 15 of the Dungeon.
You worshipped Cheibriados.
Cheibriados was extremely pleased with you.
You visited 3 branches of the dungeon, and saw 17 of its levels.
You visited the Abyss 1 time.

You collected 1758 gold pieces.
You spent 50 gold pieces at shops.

Inventory:

Hand Weapons
 a - a +0 long sword
 b - a +3 scimitar of flaming
 u - a +5 heavy demon blade (weapon)
 A - the +1 scimitar "Aluch" {heavy, +Blink rF+}
   (You found it on level 9 of the Dungeon)

   rF+:       It protects you from fire.
   +Blink:    It lets you blink.
 G - a +4 halberd
 H - a +4 flail
 U - the +11 falchion of Action {antimagic, Dex+3}
   (You found it on level 14 of the Dungeon)

   Dex+3:     It affects your dexterity (+3).
Missiles
 s - 33 poisoned darts
 E - a throwing net
 F - 2 darts of dispersal
 K - 3 boomerangs (quivered)
 N - 6 atropa-tipped darts
Armour
 j - a +0 pair of gloves (worn)
 l - a +0 pair of boots (worn)
 r - a +0 helmet (worn)
 C - a +2 cloak (worn)
 I - a +0 kite shield (worn)
 M - a +0 plate armour (worn)
Jewellery
 f - a ring of resist corrosion (left hand)
 k - an amulet of the acrobat (around neck)
 v - a +4 ring of protection (right hand)
 w - an amulet of regeneration
 B - a ring of ice
 D - a ring of positive energy
 L - a ring of ice
 O - a ring of magical power
 T - a +6 ring of intelligence
 V - a +5 ring of evasion
Wands
 o - a wand of paralysis (2)
 x - a wand of flame (27)
 y - a wand of acid (4)
 J - a wand of iceblast (3)
Scrolls
 c - a scroll of amnesia
 d - a scroll of brand weapon
 e - a scroll of noise
 g - 3 scrolls of immolation
 i - a scroll of fog
 p - 2 scrolls of fear
 P - a scroll of vulnerability
 R - a scroll of blinking {unknown}
 S - a scroll of enchant weapon
Potions
 h - 3 potions of enlightenment
 m - 3 potions of mutation
 n - 9 potions of curing
 q - 2 potions of brilliance
 t - a potion of ambrosia
 z - a potion of magic
 W - 2 potions of attraction


   Skills:
 * Level 11.4 Fighting
 * Level 14.9 Long Blades
 + Level 3.4 Throwing
 * Level 13.9 Armour
 * Level 9.1 Dodging
 * Level 11.7 Shields
 * Level 6.9 Invocations
 + Level 1.4 Evocations


You had 13 spell levels left.
You didn't know any spells.
Your spell library contained the following spells:

 Spells                   Type           Power      Damage    Failure   Level
 Magic Dart               Conj           0%         1d3       88%         1
 Shock                    Conj/Air       0%         1d3       88%         1
 Call Imp                 Summ           0%         N/A       96%         2
 Ensorcelled Hibernation  Hex/Ice        0%         N/A       96%         2
 Passwall                 Tmut/Erth      0%         N/A       96%         2
 Wereblood                Tmut           0%         N/A       96%         2
 Mephitic Cloud           Conj/Pois/Air  0%         N/A       99%         3
 Swiftness                Air            0%         N/A       99%         3
 Airstrike                Air            0%         2d(0-16)  100%        4
 Leda's Liquefaction      Hex/Erth       0%         N/A       100%        4
 Irradiate                Conj/Tmut      0%         3d11      100%        5
 Lee's Rapid Deconstruct  Erth           0%         3d4*      100%        5
 Bombard                  Conj/Erth      0%         9d1       100%        6


Dungeon Overview and Level Annotations

Branches:
Dungeon (15/15)            Temple (1/1) D:6            Lair (0/5) D:9
    Orc (0/2) D:10         Vaults (0/5) D:14         Depths (1/4) D:15

Altars:
Ashenzari
Cheibriados
Dithmenos
Elyvilon
Fedhas
Gozag
Hepliaklqana
Kikubaaqudgha
Makhleb
Nemelex Xobeh
Okawaru
Qazlal
Ru
Sif Muna
Trog
Uskayaw
Vehumet
Wu Jian
Xom
Yredelemnul
Zin
The Shining One

Shops:
D:2 !   D:3 *

Annotations:
D:13 3 runed translucent doors, SirDiesAlot's ghost, journeyman OpEE
D:15 Roxanne


Innate Abilities, Weirdness & Mutations

You are amphibious.
You cover ground slowly.
You can hop long distances.
You have an extended range of vision and can be seen from far away.
You have a somewhat thin skeletal structure. (Dex +2, Stealth+)
You are very dopey. (Int -4)
Your magical capacity is low. (-10% MP)
Your natural rate of healing is unusually fast.


Message History

The ice dragon tramples you but does no damage.
You open the ice dragon like a pillowcase!!!
The ice dragon is heavily wounded.
The ice dragon misses you. You block the ice dragon's attack.
The ice dragon tramples you but does no damage.
You closely miss the ice dragon.
The ice dragon is heavily wounded.
The ice dragon misses you. You block the ice dragon's attack.
The ice dragon tramples you.
You hold your ground!
You barely miss the ice dragon.
The ice dragon is heavily wounded.
The ice dragon breathes frost at you. The blast of cold hits you!!!
The blast of cold hits you!!
* * * LOW HITPOINT WARNING * * *
The blast of cold hits the ice dragon!
The ice dragon resists.
You barely miss the ice dragon.
The ice dragon is severely wounded.
The ice dragon bites you but does no damage.
You block the ice dragon's attack. The ice dragon closely misses you.
You feel much better.
The ice dragon bites you but does no damage.
You block the ice dragon's attack. The ice dragon barely misses you.
You barely miss the ice dragon.
The ice dragon is severely wounded.
The ice dragon breathes frost at you. The blast of cold hits you!!
* * * LOW HITPOINT WARNING * * *
The blast of cold misses you.
The blast of cold hits the ice dragon.
The ice dragon resists.
Okay, then.
You warp the flow of time around you!
Cheibriados lowers the support of your attributes as your movement quickens.
Hop to where?
Press: ? - help, Dir - move target
Okay, then.
You feel better.
The ice dragon roars deafeningly!
The ice dragon breathes frost at you. The blast of cold misses you.
The blast of cold hits you!!!
You die...

#.#..#......####[###
.............##....##
..#.##..........#...##
.##..#..........#....#
.##..........#.#.....#
.###.........[.#..#.##
.............#...).##
..........###'####[#
#............#)†@#.# #### #
...........#.....#.#####).# ####
...........#.#...#.....#..####...
..)........#..#D#+#.#..#...##....
...........#.....#...#.#...##...#
...........#####.#.....#.......##
...............#.#⌠..#.........##
...............#.####+####.....#
...............#.....#......####


You could see an ice dragon (catching breath).

Vanquished Creatures
  Rupert (D:15)
  Azrael (D:13)
  An ettin (D:15)
  A fire dragon (D:15)
  Fannar (D:11)
  A rakshasa (D:10)
  A catoblepas (D:13)
  Erolcha (D:12)
  A centaur warrior (D:14)
  6 two-headed ogres
  3 boulder beetles (D:12)
  A two-headed ogre (shapeshifter) (D:14)
  4 tengu warriors
  A hell knight (D:15)
  Sonja (D:12)
  A large abomination (Abyss:1)
  4 skeletal warriors
  Pikel (D:8)
  An orc knight (D:14)
  A deep elf zephyrmancer (D:12)
  A deep elf pyromancer (D:13)
  5 manticores
  A cyclops (shapeshifter) (D:13)
  6 cyclopes
  12 ugly things
  Joseph (D:8)
  A gargoyle (D:13)
  A smoke demon (Abyss:1)
  A freezing wraith (D:13)
  An ancient zyme (Abyss:1)
  3 tengu conjurers (D:13)
  2 efreet
  7 trolls
  A meliai (D:13)
  Sigmund (D:4)
  3 slime creatures (D:14)
  2 centaur simulacra
  6 wraiths
  A shadow (D:14)
  4 fire elementals (D:13)
  7 yaks
  3 basilisks
  2 vampires
  2 wyverns
  Grum (D:8)
  A steam dragon (D:8)
  8 vampire mosquitoes
  3 wargs (D:10)
  3 acid dragons
  4 hell hounds (D:13)
  4 orc warriors
  6 ice beasts
  2 black bears (D:6)
  2 wolves
  11 centaurs
  3 phantoms
  4 kobold brigands
  4 bullfrogs
  2 scorpions
  A gnoll sergeant (D:8)
  9 wights
  5 killer bees (D:11)
  6 howler monkeys
  4 jellies
  4 orc priests
  2 hounds
  3 iguanas
  Natasha (thrice) (D:2)
  9 orc wizards
  7 gnolls
  3 adders
  2 shadow imps (D:7)
  A white imp (D:5)
  2 ufetubi (Abyss:1)
  A worm (D:4)
  2 dart slugs
  19 orcs
  12 ball pythons
  5 endoplasms
  6 giant cockroaches
  9 goblins
  11 hobgoblins
  6 quokkas
  4 bats
  A frilled lizard (D:3)
  14 kobolds
  9 rats
325 creatures vanquished.

Vanquished Creatures (others)
  A slime creature (D:13)
  3 orc wizards
  A lurking horror (Abyss:1)
5 creatures vanquished.

Grand Total: 330 creatures vanquished

Notes
Turn   | Place    | Note
-------+----------+-------------------------------------------
     0 | D:1      | Ahpoh the Barachi Fighter began the quest for the Orb.
     0 | D:1      | Reached XP level 1. HP: 18/18 MP: 1/1
   126 | D:1      | Reached XP level 2. HP: 23/25 MP: 2/2
   660 | D:1      | Reached XP level 3. HP: 30/30 MP: 3/3
   724 | D:1      | Found a faded altar of an unknown god.
   951 | D:2      | Noticed Natasha
  1006 | D:3      | Reached skill level 3 in Long Blades
  1011 | D:3      | Found Umup's Assorted Antiques.
  1011 | D:3      | Found a glowing silver altar of Zin.
  1084 | D:3      | Reached XP level 4. HP: 37/37 MP: 4/4
  1956 | D:2      | Killed Natasha
  1957 | D:2      | Reached skill level 4 in Long Blades
  2118 | D:2      | Found Jemojali's Distillery.
  2122 | D:2      | Bought a potion of heal wounds for 50 gold pieces
  2256 | D:2      | Noticed Natasha
  2260 | D:2      | Killed Natasha
  2261 | D:2      | Reached XP level 5. HP: 31/43 MP: 5/5
  2486 | D:2      | Noticed Natasha
  2492 | D:2      | Killed Natasha
  2664 | D:3      | Reached skill level 1 in Dodging
  2912 | D:4      | Reached XP level 6. HP: 38/49 MP: 6/6
  2996 | D:4      | Found a stormy altar of Qazlal.
  2997 | D:4      | Found a burning altar of Makhleb.
  3007 | D:4      | Noticed Sigmund
  3010 | D:4      | Reached skill level 5 in Armour
  3061 | D:4      | Found a snail-covered altar of Cheibriados.
  3086 | D:4      | Became a worshipper of Cheibriados the Contemplative
  3129 | D:4      | Reached skill level 5 in Long Blades
  3399 | D:4      | Killed Sigmund
  3400 | D:4      | Reached skill level 5 in Fighting
  3400 | D:4      | Reached skill level 6 in Long Blades
  3400 | D:4      | Reached XP level 7. HP: 29/56 MP: 7/7
  3644 | D:5      | Entered Level 5 of the Dungeon
  3747 | D:4      | Identified a scroll of acquirement
  3747 | D:4      | Acquired 734 gold pieces
  3760 | D:4      | HP: 3/84 [ice beast (10)]
  4015 | D:5      | Identified the +0 ring mail of the Glamorous God {Str+4}
  4051 | D:5      | Reached XP level 8. HP: 35/63 MP: 8/8
  4224 | D:5      | Reached skill level 7 in Long Blades
  4602 | D:6      | Found a staircase to the Ecumenical Temple.
  4644 | Temple   | Entered the Ecumenical Temple
  4674 | D:6      | Reached skill level 5 in Shields
  4798 | D:6      | Found an opulent altar of Gozag.
  4835 | D:6      | Reached * piety under Cheibriados
  5149 | D:6      | Reached skill level 8 in Long Blades
  5191 | D:6      | Reached skill level 1 in Invocations
  5395 | D:6      | Reached XP level 9. HP: 69/69 MP: 9/9
  6188 | D:7      | Gained mutation: You have supernaturally acute eyesight.
                  | (SInv) [potion of mutation]
  6188 | D:7      | Gained mutation: You occasionally lose the ability to drink
                  | potions when taking damage. [potion of mutation]
  6188 | D:7      | Gained mutation: Your natural rate of healing is unusually
                  | fast. [potion of mutation]
  6189 | D:7      | Lost mutation: You occasionally lose the ability to drink
                  | potions when taking damage. [potion of mutation]
  6189 | D:7      | Lost mutation: You have supernaturally acute eyesight.
                  | (SInv) [potion of mutation]
  6189 | D:7      | Gained mutation: Your magical capacity is low. (-10% MP)
                  | [potion of mutation]
  6189 | D:7      | Gained mutation: You are dopey. (Int -2) [potion of
                  | mutation]
  6189 | D:7      | Gained mutation: You are very dopey. (Int -4) [potion of
                  | mutation]
  6189 | D:7      | Gained mutation: You have a somewhat thin skeletal
                  | structure. (Dex +2, Stealth+) [potion of mutation]
  6365 | D:7      | Reached ** piety under Cheibriados
  6582 | D:8      | Reached skill level 9 in Long Blades
  6588 | D:8      | Noticed Grum
  6763 | D:8      | Killed Grum
  6819 | D:8      | Noticed Pikel
  6866 | D:8      | Killed Pikel
  7025 | D:8      | Reached XP level 10. HP: 77/77 MP: 10/10
  7076 | D:8      | Found a hazy altar of Hepliaklqana.
  7080 | D:8      | Noticed a two-headed ogre
  7493 | D:8      | Reached skill level 10 in Long Blades
  7599 | D:8      | Killed a two-headed ogre
  7814 | D:9      | Noticed a two-headed ogre
  7829 | D:9      | Killed a two-headed ogre
  7830 | D:9      | Reached skill level 10 in Armour
  7830 | D:9      | Reached skill level 5 in Dodging
  7864 | D:9      | Noticed Joseph
  7908 | D:8      | Killed Joseph
  7956 | D:9      | Found a staircase to the Lair.
  7956 | D:9      | Noticed an elephant
  8164 | D:8      | Reached *** piety under Cheibriados
  8197 | D:9      | Identified the +1 scimitar "Aluch" {heavy, +Blink rF+}
  8225 | D:9      | Found an ancient bone altar of Kikubaaqudgha.
  8339 | D:9      | Found a hide-covered altar of Uskayaw.
  8393 | D:9      | Reached skill level 11 in Long Blades
  8430 | D:9      | Noticed a two-headed ogre
  8449 | D:9      | Killed a two-headed ogre
  8450 | D:9      | Reached XP level 11. HP: 86/86 MP: 12/12
  8460 | D:9      | Noticed a two-headed ogre
  8469 | D:9      | Killed a two-headed ogre
  8560 | D:9      | Found an iron altar of Okawaru.
  9198 | D:10     | Entered Level 10 of the Dungeon
  9234 | D:10     | Found a staircase to the Orcish Mines.
  9387 | D:10     | Noticed a green ugly thing
  9394 | D:10     | Killed a green ugly thing
  9395 | D:10     | Reached skill level 12 in Long Blades
  9718 | D:10     | Reached **** piety under Cheibriados
 10008 | D:10     | Noticed a rakshasa
 10017 | D:10     | Killed a rakshasa
 10018 | D:10     | Reached skill level 1 in Throwing
 10363 | D:11     | Noticed Fannar
 10370 | D:11     | Killed Fannar
 10497 | D:11     | Reached skill level 1 in Evocations
 10825 | D:11     | Noticed a cyclops
 10841 | D:11     | Killed a cyclops
 10842 | D:11     | Reached XP level 12. HP: 89/94 MP: 12/13
 11557 | D:12     | Identified the +3 leather armour of Xoestroi {rF+ Int+3
                  | Dex-5 SInv}
 11566 | D:12     | Reached skill level 13 in Long Blades
 11780 | D:12     | Noticed a boulder beetle
 11785 | D:12     | Noticed a two-headed ogre
 11830 | D:12     | Killed a two-headed ogre
 11834 | D:12     | Killed a boulder beetle
 11916 | D:12     | Noticed Sonja
 11927 | Abyss:1  | Cast into level 1 of the Abyss (Sonja)
 12072 | D:12     | Escaped the Abyss
 12092 | D:12     | Killed Sonja
 12093 | D:12     | Reached skill level 5 in Invocations
 12108 | D:12     | Noticed a boulder beetle
 12116 | D:12     | Noticed a boulder beetle
 12118 | D:12     | Killed a boulder beetle
 12129 | D:12     | Killed a boulder beetle
 12129 | D:12     | Reached ***** piety under Cheibriados
 12483 | D:13     | Noticed Erolcha
 12507 | D:12     | Killed Erolcha
 12545 | D:13     | Noticed a storm dragon
 12547 | D:13     | Noticed an eight-headed hydra
 12548 | D:13     | Noticed a catoblepas
 12550 | D:13     | Found a runed translucent gate.
 12550 | D:13     | Found a runed translucent gate.
 12554 | D:13     | Found a runed translucent gate.
 12554 | D:13     | Noticed SirDiesAlot's ghost (journeyman OpEE)
 12563 | D:13     | Noticed Azrael
 12571 | D:13     | Killed Azrael
 12858 | D:13     | Gained mutation: You can hop long distances. [Barachi
                  | growth]
 12858 | D:13     | Reached XP level 13. HP: 94/102 MP: 15/15
 13089 | D:13     | Reached skill level 10 in Fighting
 13089 | D:13     | Reached skill level 14 in Long Blades
 13424 | D:13     | Reached skill level 10 in Shields
 14000 | D:14     | Identified the +11 falchion of Action {antimagic, Dex+3}
 14309 | D:14     | Found a shadowy altar of Dithmenos.
 14634 | D:14     | Found a gate to the Vaults.
 14801 | D:15     | Entered Level 15 of the Dungeon
 14801 | D:15     | Noticed Rupert
 15117 | D:14     | Reached XP level 14. HP: 94/111 MP: 5/17
 15188 | D:15     | Noticed Roxanne
 15287 | D:15     | Killed Rupert
 15371 | D:15     | Found a staircase to the Depths.
 15709 | Shoals:3 | Identified the "Qecuth"
 15709 | Vaults:5 | Identified the of Egonao
 15709 | Crypt:3  | Identified the "Atoured"
 15709 | Depths:1 | Entered Level 1 of the Depths
 15768 | Depths:1 | Noticed a stone giant
 15778 | D:15     | Killed from afar by an ice dragon

Illustrated notes

Levels and vault maps discovered:
D:1:      psy_arrival_spokes, layout_loops_ring,
          dreamdust_ecumenical_altar_angels_and_demons, feat_on_display
D:2:      layout_basic, serial_shops, nicolae_shop_pleasant_corner_grove,
          minmay_misc_feat_room, uniq_natasha
D:3:      layout_loops_cross, mainiacjoe_overflow_tiny_flanked, serial_shops,
          shop
D:4:      layout_gridville, mainiacjoe_overflow_brackets,
          mainiacjoe_overflow_concentric_impassable, cheibrodos_worm_habitat,
          corexii_corridor_pit, nicolae_underground_beach, uniq_sigmund
D:5:      layout_rooms
D:6:      layout_basic, mainiacjoe_overflow_24_doors, minmay_temple_entry_glass
D:7:      layout_cave_pools, minmay_stone_trees_medium
D:8:      minmay_chambers_of_sixes, layout_basic, kennysheep_mini_moat,
          uniq_grum, uniq_pikel
D:9:      layout_gridville, mainiacjoe_overflow_six_doors_small,
          nicolae_uskayaw_dance_studio,
          hellmonk_okawaru_the_only_friend_you_need, david_lair_generic,
          nzn_life_drinkers, uniq_joseph
D:10:     cheibrodos_two_vegetables, layout_loops_ring,
          minmay_orc_entry_guard_dogs, minmay_strange_pillars, minmay_puff
D:11:     layout_layer_cave, uniq_fannar
D:12:     minmay_cornered_nines, layout_long_grid, serial_bayou_crossing,
          uniq_sonja
D:13:     kennysheep_windowed_halls, layout_stronghold, gammafunk_ghost_split,
          uniq_erolcha, uniq_azrael
D:14:     layout_loops_corners, hellmonk_vaults_attempted_burglary,
          grunt_dithmenos_shadows, serial_glass, glass_columns_b,
          glass_columns_b
D:15:     hangedman_depths_entry_civil_slaughter, layout_cave_pools,
          uniq_rupert, uniq_roxanne
Temple:   cyrus_circular_temple
Depths:1: layout_small_grid, grunt_pan_entry_zigzag, hell_entry, serial_bayou,
          serial_bayou_pond_c, serial_bayou_pond_c, serial_bayou_lake_a,
          serial_bayou_lagoon_a, grunt_ministairs_12, serial_bayou_pond_d

Skill      XL: |  1  2  3  4  5  6  7  8  9 10 11 12 13 14 |
---------------+-------------------------------------------+-----
Armour         | 4 5 6 7 9 10 11 12 13 | 13.9
Fighting       | 4 5 6 7 8 9 10 11 | 11.4
Long Blades    | 3 4 6 8 9 11 12 13 14 | 14.9
Dodging        | 1 2 3 4 5 6 7 8 9 |  9.1
Shields        | 4 5 6 7 8 9 11 | 11.7
Invocations    | 1 2 3 4 5 6 |  6.9
Throwing       | 1 2 3 |  3.4
Evocations     | 1 |  1.4

Action                     |  1- 3 |  4- 6 |  7- 9 | 10-12 | 13-15 || total
---------------------------+-------+-------+-------+-------+-------++-------
  Melee: Long sword        |   112 |   198 |   370 |   147 |       ||   827
         Scimitar          |       |       |       |   301 |   103 ||   404
         Falchion          |       |       |       |       |   212 ||   212
         Demon blade       |       |       |       |       |    13 ||    13
  Throw: Dart              |       |       |    11 |     5 |       ||    16
         Boomerang         |       |       |       |    50 |    27 ||    77
 Invoke: Bend Time         |       |       |     1 |     2 |       ||     3
         Slouch            |       |       |       |     1 |       ||     1
         Temporal Distorti |       |       |       |       |     3 ||     3
Ability: Hop               |     1 |     2 |     2 |    10 |     1 ||    16
         Evoke Blink       |       |       |       |     4 |       ||     4
  Evoke: Wand              |       |       |       |    17 |       ||    17
    Use: Potion            |       |     2 |     7 |    13 |     5 ||    27
         Scroll            |       |       |     7 |    14 |     4 ||    25
   Stab: Invisible         |       |       |     3 |       |     5 ||     8
         Paralysed         |       |       |       |     6 |       ||     6
         Distracted        |       |       |       |       |     1 ||     1
 Armour: Scale mail        |    80 |     4 |       |       |       ||    84
         Chain mail        |       |   179 |   300 |   285 |       ||   764
         Plate armour      |       |       |       |   109 |   218 ||   327
  Dodge: Dodged            |    52 |    66 |   204 |   359 |   219 ||   900
  Block: Buckler           |    28 |    45 |   135 |    96 |       ||   304
         Kite shield       |       |       |       |   216 |   258 ||   474

Table legend: (Time is in decaauts)
 A = Elapsed time spent in this place.
 B = Non-inter-level travel time spent in this place.
 C = Inter-level travel time spent in this place.
 D = Time resting spent in this place.
 E = Time spent auto-exploring this place.
 F = Levels seen in this place.
 G = Mean time per level.
                   A        B        C        D        E       F      G
               +--------+--------+--------+--------+--------+-----+--------+
         Total |  24608 |  23768 |    840 |   1349 |  14700 |  18 | 1367.1 |
       Dungeon |  24372 |  23532 |    840 |   1291 |  14681 |  15 | 1624.8 |
        Temple |      1 |      1 |      0 |      0 |      0 |   1 |    1.0 |
        Depths |     14 |     14 |      0 |      0 |      0 |   1 |   14.0 |
         Abyss |    220 |    220 |      0 |     57 |     18 |   1 |  220.0 |
               +--------+--------+--------+--------+--------+-----+--------+

Top non-repeatable levels by time:
    D:14: 2492 daAuts
    D:11: 2291 daAuts
    D:13: 2151 daAuts
     D:8: 2105 daAuts
     D:6: 2021 daAuts
     D:9: 1954 daAuts
    D:10: 1933 daAuts
    D:12: 1595 daAuts
     D:4: 1479 daAuts
    D:15: 1229 daAuts
     D:3: 1169 daAuts
     D:2: 1107 daAuts
     D:7: 1069 daAuts
     D:1: 1067 daAuts
     D:5: 702 daAuts
